 Dungeon Crawl Stone Soup version 0.29.1-12-g30fa7ad0bf (webtiles) character file.

Game seed: 26258810071458609

1555 FakeRyeBread the Cleaver (level 8, 0/71 HPs)
             Began as a Minotaur Fighter on Dec 22, 2022.
             Slain by a gnoll
             ... wielding a +0 halberd
             ... led by a gnoll sergeant
              (9 damage)
             ... on level 5 of the Dungeon.
             The game lasted 00:15:33 (6109 turns).

FakeRyeBread the Cleaver (Minotaur Fighter)         Turns: 6109, Time: 00:15:34

Health: 0/71       AC: 10    Str: 30    XL:     8   Next: 58%
Magic:  0/7        EV:  8    Int:  5    God:
Gold:   241        SH:  6    Dex:  9    Spells: 7/7 levels left

rFire   + . .      SeeInvis +   a - +1 war axe
rCold   . . .      Faith    .   c - +1 buckler
rNeg    . . .      Spirit   +   r - +0 chain mail
rPois   .          Reflect  .   (helmet unavailable)
rElec   .          Harm     .   (no cloak)
rCorr   .          Rampage  .   (no gloves)
Will    .....                   (no boots)
Stlth   ..........              p - amulet of guardian spirit
HPRegen 0.21/turn               g - ring of see invisible
MPRegen 0.10/turn               x - +6 ring of strength

@: no status effects
A: horns 3, retaliatory headbutt, fire resistance 1
a: no special abilities


You were on level 5 of the Dungeon.
You visited 2 branches of the dungeon, and saw 6 of its levels.

You collected 241 gold pieces.

Inventory:

Hand Weapons
 a - a +1 war axe (weapon)
 q - a +0 battleaxe
Missiles
 f - 74 stones (quivered)
 j - 17 poisoned darts
Armour
 b - a +0 scale mail
 c - a +1 buckler (worn)
 r - a +0 chain mail (worn)
 s - a +1 ring mail of willpower
 v - a +3 leather armour
Jewellery
 g - a ring of see invisible (left hand)
 p - an amulet of guardian spirit (around neck)
 x - a +6 ring of strength (right hand)
 y - a +6 ring of intelligence
Wands
 k - a wand of quicksilver (1)
Scrolls
 t - 3 scrolls of amnesia
 w - a scroll of enchant weapon
Potions
 d - a potion of haste
 e - 3 potions of curing
 h - 2 potions of invisibility
 i - a potion of berserk rage
 l - a potion of mutation
 m - a potion of brilliance
 n - a potion of might
 o - a potion of degeneration


   Skills:
 + Level 6.8 Fighting
 * Level 8.6 Axes
 + Level 6.8 Armour
 + Level 6.8 Shields


You had 7 spell levels left.
You didn't know any spells.
Your spell library contained the following spells:

 Spells                   Type           Power      Damage    Failure   Level
 Gell's Gravitas          Tloc           0%         N/A       100%        3
 Lesser Beckoning         Tloc           0%         N/A       100%        3
 Teleport Other           Tloc           0%         N/A       100%        3
 Petrify                  Tmut/Erth      0%         N/A       100%        4
 Metabolic Englaciation   Hex/Ice        0%         N/A       100%        5
 Statue Form              Tmut/Erth      0%         N/A       100%        6


Dungeon Overview and Level Annotations

Branches:
Dungeon (5/15)             Temple (1/1) D:5

Altars:
Ashenzari
Cheibriados
Elyvilon
Fedhas
Gozag
Hepliaklqana
Kikubaaqudgha
Makhleb
Nemelex Xobeh
Qazlal
Ru
Trog
Uskayaw
Vehumet
Wu Jian
Xom
Yredelemnul
Zin

Shops:
D:3 :


Innate Abilities, Weirdness & Mutations

You have a pair of large horns on your head.
You reflexively headbutt those who attack you in melee.
Your flesh is heat resistant. (rF+)


Message History

You hit the gnoll sergeant.
Your headbutt misses the gnoll sergeant.
The gnoll sergeant is severely wounded.
You block the gnoll sergeant's attack.
The gnoll hits you from afar with a +0 halberd!
The gnoll hits you from afar with a +0 spear.
You hit the gnoll sergeant but do no damage.
The gnoll sergeant is severely wounded.
The gnoll sergeant hits you with a +0 spear.
The gnoll barely misses you. You block the gnoll's attack.
The gnoll sergeant hits you with a +0 spear!
* * * LOW HITPOINT WARNING * * *
The gnoll hits you from afar with a +0 halberd!
* * * LOW HITPOINT WARNING * * *
The gnoll hits you but does no damage.
It was a potion of heal wounds.
You feel much better.
The gnoll sergeant hits you with a +0 spear.
The gnoll hits you from afar with a +0 halberd.
The gnoll hits you from afar with a +0 spear!
You hit the gnoll sergeant. You headbutt the gnoll sergeant.
The gnoll sergeant is almost dead.
The gnoll sergeant hits you with a +0 spear.
The gnoll hits you but does no damage. x2
You slash the gnoll sergeant!
You kill the gnoll sergeant!
You block the gnoll's attack.
The gnoll hits you from afar with a +0 halberd.
* * * LOW HITPOINT WARNING * * *
You slash the gnoll!
You kill the gnoll!
You block the gnoll's attack. The gnoll hits you but does no damage.
You block the gnoll's attack. The gnoll hits you but does no damage.
The gnoll hits you with a +0 halberd!
* * * LOW HITPOINT WARNING * * *
The gnoll hits you but does no damage.
Items here: ))) [[ †.
The gnoll attacks as you move away! You block the gnoll's attack.
The gnoll hits you but does no damage.
The gnoll hits you from afar with a +0 halberd!
You die...

#.#####+###### #.#.
.............########.#.
......................+.
.............########.#.
.............# #.#.
.............# #.#.
......ggg....##### #.#.
##)###......# #...
#@###......#######
#..........'[.....
#####......####### ####
#.............
#..#########...........
#..'...#.#.#..........)
#..###'#'#'###.........
#..#.'...'.# #.........
#..###...### #.........


You could see 3 gnolls.

Vanquished Creatures
  Pikel (D:5)
  A black bear (D:5)
  2 ogres
  A bullfrog (D:5)
  2 elf skeletons (D:5)
  A gnoll sergeant (D:5)
  3 orc priests
  2 hounds (D:5)
  A gnoll bouda (D:5)
  A human zombie (D:5)
  A jelly (D:5)
  Ijyb (D:3)
  2 orc wizards
  2 iguanas
  5 gnolls (D:5)
  5 adders
  2 ufetubi (D:5)
  2 worms (D:2)
  5 dart slugs
  21 orcs
  7 ball pythons
  6 endoplasms
  3 giant cockroaches
  9 goblins
  9 hobgoblins
  7 quokkas
  4 bats
  4 frilled lizards
  10 kobolds
  2 orc skeletons (D:5)
  An orc zombie (D:5)
  3 rats
126 creatures vanquished.

Vanquished Creatures (others)
  A fungus (D:3)
  A plant (D:3)
2 creatures vanquished.

Grand Total: 128 creatures vanquished

Notes
Turn   | Place    | Note
-------+----------+-------------------------------------------
     0 | D:1      | FakeRyeBread the Minotaur Fighter began the quest for the
                  | Orb.
     0 | D:1      | Reached XP level 1. HP: 19/19 MP: 0/0
   163 | D:1      | Reached XP level 2. HP: 15/27 MP: 1/1
   181 | D:1      | Reached skill level 3 in Axes
   646 | D:1      | Reached XP level 3. HP: 27/33 MP: 2/2
  1264 | D:2      | Found a blossoming altar of Fedhas.
  1446 | D:2      | Reached XP level 4. HP: 40/40 MP: 3/3
  1852 | D:3      | Noticed a +0 dagger
  1852 | D:3      | Noticed a +0 dagger
  1853 | D:3      | Found a hide-covered altar of Uskayaw.
  1916 | D:3      | Reached skill level 4 in Axes
  2062 | D:3      | Noticed Ijyb
  2068 | D:3      | Killed Ijyb
  2069 | D:3      | Reached XP level 5. HP: 43/47 MP: 4/4
  2771 | D:3      | Reached skill level 5 in Axes
  2772 | D:3      | Found Buwyq's Book Emporium.
  3043 | D:3      | Found a faded altar of an unknown god.
  3122 | D:4      | Reached XP level 6. HP: 47/55 MP: 5/5
  3177 | D:4      | Reached skill level 5 in Fighting
  3177 | D:4      | Reached skill level 5 in Armour
  3177 | D:4      | Reached skill level 5 in Shields
  3436 | D:4      | Found a hazy altar of Hepliaklqana.
  4235 | D:4      | Gained mutation: Your flesh is heat resistant. (rF+)
                  | [potion of mutation]
  4235 | D:4      | Gained mutation: You have a pair of large horns on your
                  | head. [potion of mutation]
  4652 | D:5      | Entered Level 5 of the Dungeon
  4668 | D:5      | Reached skill level 6 in Axes
  4766 | D:5      | Reached XP level 7. HP: 33/61 MP: 2/6
  4914 | D:5      | Found a staircase to the Ecumenical Temple.
  4937 | Temple   | Entered the Ecumenical Temple
  5260 | D:5      | Noticed Pikel
  5293 | D:5      | Killed Pikel
  5294 | D:5      | Reached skill level 7 in Axes
  5294 | D:5      | Reached XP level 8. HP: 42/70 MP: 4/7
  5380 | D:5      | Reached skill level 8 in Axes
  6109 | D:5      | Slain by a gnoll

Illustrated notes

Levels and vault maps discovered:
D:1:      denvon_arrival_waterhouse, layout_loops_ring
D:2:      layout_loops_ring, basic_altar
D:3:      cheibrodos_pilgrimage, layout_basic, dancing_weapons_uskayaw,
          serial_shops, nicolae_shop_crystal, gup_sewer_entry_pipe,
          shapermc_ecumenical_altar_petra, uniq_ijyb
D:4:      layout_layer_cave, general_overflow_altar
D:5:      layout_basic, minmay_temple_entry_offerings,
          nicolae_ossuary_entry_catacombs, serial_corexii_hall,
          chequers_hall_statues_wall_a, corexii_hall_statues_s,
          corexii_hall_statues_i, chequers_hall_statues_wall_a, uniq_pikel
Temple:   nicolae_temple_slightly_damp_pantheon

Skill      XL: |  1  2  3  4  5  6  7  8 |
---------------+-------------------------+-----
Axes           | 3 4 5 6 7 8 |  8.6
Armour         | 4 5 6 |  6.8
Fighting       | 4 5 6 |  6.8
Shields        | 4 5 6 |  6.8

Action                   |  1- 3 |  4- 6 |  7- 9 || total
-------------------------+-------+-------+-------++-------
Melee: War axe           |    79 |   128 |    93 ||   300
       Headbutt          |     8 |    20 |    20 ||    48
Throw: Stone             |    12 |    17 |       ||    29
  Use: Scroll            |     4 |    10 |     1 ||    15
       Potion            |       |     4 |     1 ||     5
Armor: Scale mail        |    42 |    12 |       ||    54
       Chain mail        |       |    46 |    49 ||    95
Dodge: Dodged            |    26 |    36 |    31 ||    93
Block: Buckler           |    17 |    25 |    54 ||    96
